 Dungeon Crawl Stone Soup version 0.24.0-125-gc4c63601f3 (webtiles) character file.

Game seed: 3311431834597024835, levelgen mode: deterministic

205 Amplified the Poker (level 5, -15/44 HPs)
             Began as a Merfolk Monk on Mar 6, 2020.
             Splashed by an orc wizard's acid (16 damage)
             ... on level 3 of the Dungeon.
             The game lasted 00:02:51 (2259 turns).

Amplified the Poker (Merfolk Monk)                  Turns: 2259, Time: 00:02:52

Health: -15/44     AC:  2    Str: 16    XL:     5   Next: 83%
Magic:  14/14      EV: 15    Int: 10    God:
Gold:   163        SH:  0    Dex: 17    Spells: 4/4 levels left

rFire    . . .     SeeInvis .   a - +1 spear
rCold    . . .     Gourm    .   (no shield)
rNeg     . . .     Faith    .   b - +0 robe
rPois    +         Spirit   .   (no helmet)
rElec    .         Reflect  .   (no cloak)
rCorr    .         Harm     .   (no gloves)
MR       .....                  (no boots)
Stlth    ++........             (no amulet)
HPRegen  0.14/turn              e - ring of magical power
MPRegen  0.14/turn              r - ring of poison resistance

@: mighty
A: change form in water, swift swim, stealthy swim
a: no special abilities


You were on level 3 of the Dungeon.
You were hungry.

You visited 1 branch of the dungeon, and saw 3 of its levels.

You collected 163 gold pieces.

Inventory:

Hand Weapons
 a - a +1 spear (weapon)
Armour
 b - a +0 robe (worn)
Jewellery
 e - a ring of magical power (left hand)
 r - a ring of poison resistance (right hand)
Scrolls
 f - 6 scrolls of teleportation
 g - a scroll of blinking
 m - a scroll of amnesia
 n - 2 scrolls of remove curse
 p - a scroll of enchant weapon
Potions
 d - a potion of might
 h - 4 potions of agility {unknown}
 i - 3 potions of curing {unknown}
 j - a potion of lignification {unknown}
 k - 2 potions of degeneration {unknown}
 l - a potion of resistance {unknown}
 o - a potion of cancellation {unknown}
 q - a potion of heal wounds {unknown}
Comestibles
 c - 7 rations


   Skills:
 * Level 5.0 Fighting
 * Level 6.8 Polearms
 + Level 5.1 Dodging
 - Level 2.1 Stealth


You had 4 spell levels left.
You didn't know any spells.
Your spell library was empty.

Dungeon Overview and Level Annotations

Branches:
Dungeon (3/15)

Altars:
Fedhas


Message History

Unknown command.
Attack whom?
Press: ? - help, Dir - move target cursor, f/p - orc priest
Aim: an orc priest, wielding a +0 mace (severely wounded)
You closely miss the orc priest.
The orc priest is severely wounded.
Unknown command.
Attack whom?
Press: ? - help, Dir - move target cursor, f/p - orc priest
Aim: an orc priest, wielding a +0 mace (severely wounded)
You puncture the orc priest!
You kill the orc priest!
Your Fighting skill increases to level 5!
The orc misses you.
The orc wizard zaps a wand.
The bolt of acid hits the orc!
The orc is splashed with acid.
The orc dies!
The bolt of acid hits you!!
* * * LOW HITPOINT WARNING * * *
You are splashed with acid!
You die...

## #.. . ...... #.#
..#...#. ...... . #..
#...#...# ...... ..
.#...#...#.. ...... ...
..#...#...#. ......
....#...#...#...# ......
......#.o.#...#.. #####.
..#oo[#...#?..# #.
#...#@)r#...#.. #.
####..#...#..# #.
#....#....### #.
#......##...######.
#......###.........
#.......##.........
#.......##.........
######..................
#........####...)...##..


You could see an orc wizard, 2 orcs and a rat.

Vanquished Creatures
  An orc priest (D:3)
  8 adders
  An ooze (D:3)
  6 worms (D:2)
  3 leopard geckos
  6 orcs (D:3)
  4 giant cockroaches
  8 goblins
  4 hobgoblins
  5 jackals
  6 ball pythons
  A ball python skeleton (D:2)
  11 bats
  2 frilled lizards
  6 kobolds
  8 rats
80 creatures vanquished.

Vanquished Creatures (others)
  An orc (D:3)
1 creature vanquished.

Grand Total: 81 creatures vanquished

Notes
Turn   | Place    | Note
-------+----------+-------------------------------------------
     0 | D:1      | Amplified the Merfolk Monk began the quest for the Orb.
     0 | D:1      | Reached XP level 1. HP: 18/18 MP: 1/1
   136 | D:1      | Reached XP level 2. HP: 24/24 MP: 2/2
   513 | D:2      | Reached skill level 5 in Polearms
   639 | D:2      | Reached XP level 3. HP: 22/30 MP: 3/3
  1127 | D:3      | Reached XP level 4. HP: 37/37 MP: 4/4
  1309 | D:3      | Reached skill level 6 in Polearms
  1414 | D:3      | Reached XP level 5. HP: 39/43 MP: 5/5
  1832 | D:2      | You fall into a shaft and drop 1 floor!
  1897 | D:2      | Reached skill level 5 in Dodging
  2187 | D:3      | Found a blossoming altar of Fedhas.
  2259 | D:3      | Reached skill level 5 in Fighting
  2259 | D:3      | HP: 1/44 [orc wizard/bolt of acid (21)]
  2259 | D:3      | Splashed by an orc wizard's acid

Levels and vault maps discovered:
D:1:      lightli_arrival_maybe_door_vault, layout_rooms
D:2:      minmay_chambers_of_twos, layout_rooms
D:3:      layout_rooms, nicolae_overflow_hidden_temple, hex_medium,
          minmay_snake_closets

Skill      XL: |  1  2  3  4  5 |
---------------+----------------+-----
Polearms       | 5 6 |  6.8
Fighting       | 4 5 |  5.0
Dodging        | 5 |  5.1
Stealth        | |  2.1

Action                   |  1- 3 |  4- 6 || total
-------------------------+-------+-------++-------
Melee: Spear             |   118 |   186 ||   304
  Use: Scroll            |     3 |     4 ||     7
       Potion            |       |     1 ||     1
 Stab: Sleeping          |     7 |    14 ||    21
       Distracted        |     1 |       ||     1
  Eat: Chunk             |       |     4 ||     4
Armor: Robe              |    15 |    24 ||    39
Dodge: Dodged            |    46 |   117 ||   163
